 Dungeon Crawl Stone Soup version 0.24-a0-583-g87330a484a (webtiles) character file.

Game seed: 16576998172954909839, levelgen mode: deterministic

1187 G3Kappa the Basher (level 8, -1/56 HPs)
             Began as a Demonspawn Gladiator on Aug 28, 2019.
             Slain by Pikel
             ... wielding a +1 whip of freezing
              (5 damage)
             ... on level 6 of the Dungeon.
             The game lasted 00:10:48 (7123 turns).

G3Kappa the Basher (Demonspawn Gladiator)           Turns: 7123, Time: 00:10:49

Health: -1/56      AC: 17    Str: 17    XL:     8   Next: 19%
Magic:  17/17      EV: 12    Int: 10    God:
Gold:   307        SH:  0    Dex: 14    Spells: 7/7 levels left

rFire    . . .     SeeInvis .   s - +2 mace (protect)
rCold    . . .     Gourm    .   (no shield)
rNeg     . . .     Faith    .   e - +0 ring mail
rPois    .         Spirit   .   (helmet restricted)
rElec    .         Reflect  .   t - +1 cloak
rCorr    .         Harm     .   p - +0 pair of gloves
MR       .....                  (no boots)
Stlth    +.........             (no amulet)
HPRegen  0.18/turn              q - ring of magical power
MPRegen  0.15/turn              (no ring)

@: protection aura
A: antennae 1, thin metallic scales 1, foul stench 1, rot immunity
a: no special abilities


You were on level 6 of the Dungeon.
You were not hungry.

You visited 1 branch of the dungeon, and saw 6 of its levels.

You collected 307 gold pieces.

Inventory:

Hand Weapons
 a - a +0 flail
 s - a +2 mace of protection (weapon)
Armour
 b - a +1 leather armour
 e - a +0 ring mail (worn)
 o - a +0 pair of gloves
 p - a +0 pair of gloves (worn)
 t - a +1 cloak (worn)
Jewellery
 m - an uncursed ring of see invisible {unknown}
 q - a ring of magical power (left hand)
Wands
 g - a wand of flame (16)
Scrolls
 c - a scroll of brand weapon {unknown}
 h - 4 scrolls of enchant weapon
 j - 3 scrolls of remove curse
 k - a scroll of identify
 l - 5 scrolls of teleportation
Potions
 i - 3 potions of curing
 n - a potion of flight
 r - a potion of might
Comestibles
 d - a chunk of flesh
 f - 16 rations


   Skills:
 - Level 2.0 Fighting
 + Level 9.4 Maces & Flails
 - Level 1.7 Throwing
 - Level 2.6 Dodging


You had 7 spell levels left.
You didn't know any spells.
Your spell library was empty.

Dungeon Overview and Level Annotations

Branches:
Dungeon (6/15)
 Temple: D:4-7

Altars:
Qazlal

Annotations:
D:6 Pikel


Innate Abilities, Weirdness & Mutations

You have a pair of small antennae on your head.
You are partially covered in thin metallic scales. (AC +2)
You may emit foul miasma when damaged in melee.
You are immune to rotting.


Message History

The slave barely misses you.
Pikel says, "You'll feel the lick of my whip!"
You hit the slave.
The slave is moderately wounded.
The slave hits you.
The slave looks sick.
You closely miss the slave.
The slave is moderately wounded.
You hit Pikel but do no damage.
A slave comes into view.
You closely miss Pikel.
Pikel zaps a wand.
You are blasted!
You sock Pikel!
Pikel is moderately wounded.
Pikel zaps a wand.
You are blasted!
Ouch! That really hurt!
* * * LOW HITPOINT WARNING * * *
A slave comes into view.
You hit Pikel.
Pikel is moderately wounded.
Pikel hits you with a +1 whip of freezing.
You die...

#.......#
#.p...pK.
#.# #p# ..
#p# #. #o#
#. #p# #.
#K# #) #@#
##. #.# ##..
#.# ##...
#.########
#...#
#........#
#..##
#........#
#..##
#######..#
#...# #..##
##....
##..###.....


You could see Pikel, 4 slaves and an orc wizard.

Vanquished Creatures
  An ice beast (D:5)
  A sky beast (D:6)
  A phantom (D:6)
  An ogre (D:4)
  A scorpion (D:4)
  3 crimson imps
  A jelly (D:4)
  2 orc priests
  A gnoll shaman (D:5)
  2 hounds (D:5)
  An orc wizard (D:5)
  A bullfrog skeleton (D:5)
  Crazy Yiuf (D:2)
  2 iguanas
  4 worker ants (D:4)
  2 hound skeletons (D:5)
  7 gnolls
  5 adders
  A howler monkey skeleton (D:4)
  2 oozes
  An adder zombie (D:5)
  2 adder skeletons
  2 worms
  3 leopard geckos
  13 orcs
  7 giant cockroaches
  6 goblins
  6 hobgoblins
  13 jackals
  5 quokkas
  3 ball pythons
  6 bats
  5 frilled lizards
  8 kobolds
  A leopard gecko skeleton (D:4)
  A quokka zombie (D:5)
  6 rats
128 creatures vanquished.

Notes
Turn   | Place    | Note
-------+----------+-------------------------------------------
     0 | D:1      | G3Kappa the Demonspawn Gladiator began the quest for the
                  | Orb.
     0 | D:1      | Reached XP level 1. HP: 16/16 MP: 1/1
    44 | D:1      | Reached skill level 3 in Maces & Flails
   220 | D:1      | Gained mutation: You have a pair of small antennae on your
                  | head. [demonic ancestry]
   220 | D:1      | Reached XP level 2. HP: 22/22 MP: 2/2
  1510 | D:2      | Noticed an air elemental
  1521 | D:2      | Found a stormy altar of Qazlal.
  1521 | D:2      | Noticed an earth elemental
  1522 | D:2      | Noticed a fire elemental
  1522 | D:2      | Noticed a water elemental
  1586 | D:2      | Reached XP level 3. HP: 27/27 MP: 3/3
  1991 | D:2      | Reached skill level 4 in Maces & Flails
  2100 | D:2      | Found a runed translucent door.
  2115 | D:2      | Noticed Crazy Yiuf
  2127 | D:2      | Killed Crazy Yiuf
  2347 | D:2      | Gained mutation: You are immune to rotting. [demonic
                  | ancestry]
  2347 | D:2      | Reached XP level 4. HP: 16/33 MP: 4/4
  2874 | D:3      | Reached skill level 5 in Maces & Flails
  3387 | D:3      | Reached XP level 5. HP: 38/38 MP: 5/5
  4166 | D:4      | Reached skill level 6 in Maces & Flails
  4394 | D:4      | Gained mutation: You may emit foul miasma when damaged in
                  | melee. [demonic ancestry]
  4394 | D:4      | Reached XP level 6. HP: 44/44 MP: 6/6
  5009 | D:5      | Entered Level 5 of the Dungeon
  5091 | D:4      | Reached skill level 7 in Maces & Flails
  5376 | D:4      | Reached XP level 7. HP: 43/50 MP: 7/7
  5655 | D:5      | HP: 2/50 [gnoll/+0 halberd (14)]
  6105 | D:5      | Reached skill level 8 in Maces & Flails
  6674 | D:6      | Reached skill level 9 in Maces & Flails
  6674 | D:6      | Gained mutation: You are partially covered in thin metallic
                  | scales. (AC +2) [demonic ancestry]
  6674 | D:6      | Reached XP level 8. HP: 36/56 MP: 8/8
  7106 | D:6      | Noticed Pikel
  7123 | D:6      | Slain by Pikel

Levels and vault maps discovered:
D:1:      minmay_arrival_three_doors, layout_basic, minmay_distorted
D:2:      layout_basic, nicolae_qazlal_style_of_elements,
          uniq_crazy_yiuf_cottage
D:3:      layout_rooms, chequers_decorated_corner
D:4:      minmay_wonky_spiral, layout_basic, mrwooster_statue_mirror
D:5:      layout_cave_pools, first_ration, hangedman_decor_push, abandoned_shop,
          minmay_circle_x
D:6:      layout_basic, nicolae_sextant, uniq_pikel

Skill      XL: |  1  2  3  4  5  6  7 |
---------------+----------------------+-----
Maces & Flails | 3 4 5 6 7 9 |  9.4
Fighting       | |  2.0
Throwing       | |  1.7
Dodging        | |  2.6

Action                   |  1- 3 |  4- 6 |  7- 9 || total
-------------------------+-------+-------+-------++-------
Melee: Flail             |   101 |       |       ||   101
       Mace              |    26 |   237 |   191 ||   454
Throw: Throwing net      |       |     4 |       ||     4
  Use: Potion            |     1 |     7 |     3 ||    11
       Scroll            |       |     5 |       ||     5
 Stab: Sleeping          |     1 |       |       ||     1
       Invisible         |     1 |       |       ||     1
  Eat: Chunk             |     4 |    10 |     6 ||    20
Armor: Leather armour    |    24 |       |       ||    24
       Ring mail         |    37 |   123 |   125 ||   285
       Skin              |     7 |    18 |       ||    25
Dodge: Dodged            |   116 |   173 |   160 ||   449

Table legend:
 A = Non-vault XP
 B = Vault XP
 C = Vault XP percentage of total XP
 D = Non-vault monster count
 E = Vault monster count
 F = Vault count percentage of total count
                 A         B        C        D         E       F
            +---------+---------+-------+---------+---------+-------
      Total |    1484 |     212 |  12.5 |     116 |      12 |   9.4
            +---------+---------+-------+---------+---------+-------
        D:1 |      18 |       5 |  21.7 |      12 |       3 |  20.0
        D:2 |      46 |      36 |  43.9 |      22 |       1 |   4.3
        D:3 |      98 |       0 |   0.0 |      22 |       0 |   0.0
        D:4 |     422 |      77 |  15.4 |      25 |       4 |  13.8
        D:5 |     454 |      94 |  17.2 |      21 |       4 |  16.0
        D:6 |     446 |       0 |   0.0 |      14 |       0 |   0.0
            +---------+---------+-------+---------+---------+-------
